 Dungeon Crawl Stone Soup version 0.18.1-8-gdd0e5ea (webtiles) character file.

3319 Etesian the Geomancer (level 9, -5/45 HPs)
             Began as a Deep Elf Earth Elementalist on May 23, 2016.
             Was a Priest of Sif Muna.
             Killed from afar by Joseph (15 damage)
             ... with a wand of acid
             ... on level 8 of the Dungeon.
             The game lasted 00:33:39 (12012 turns).

Etesian the Geomancer (DEEE)                       Turns: 12012, Time: 00:33:40

Health: -5/45      AC:  2    Str:  5    XL:     9   Next: 71%
Magic:  5/18       EV: 17    Int: 28    God:    Sif Muna [***...]
Gold:   433        SH:  5    Dex: 15    Spells: 3 memorised, 9 levels left

rFire  . . .     SeeInvis .     a - +1 trident (venom)
rCold  . . .     Gourm    .     p - +0 robe
rNeg   . . .     Faith    .     r - +0 buckler
rPois  +         Spirit   .     l - +1 helmet
rElec  .         Dismiss  .     (no cloak)
rCorr  .         Reflect  .     E - +1 pair of gloves
SustAt .         Harm     .     (no boots)
MR     .....                    (no amulet)
Stlth  ++........               q - +4 ring of intelligence
                                F - ring of poison resistance

@: corroded, not resistant to hostile enchantments, unstealthy
A: no striking features
a: Channel Energy, Renounce Religion


You were on level 8 of the Dungeon.
You worshipped Sif Muna.
Sif Muna was most pleased with you.
You were not hungry.

You visited 1 branch of the dungeon, and saw 8 of its levels.

You collected 446 gold pieces.
You spent 13 gold pieces at shops.

Inventory:

Hand Weapons
 a - a +1 trident of venom (weapon)
 H - a +0 dagger of venom
Missiles
 b - 236 stones (quivered)
Armour
 l - a +1 helmet (worn)
 p - a +0 robe (worn)
 r - a +0 buckler (worn)
 E - a +1 pair of gloves (worn)
Jewellery
 i - an uncursed ring of positive energy
 q - a +4 ring of intelligence (right hand)
 F - a ring of poison resistance (left hand)
Wands
 C - a wand of iceblast (9/15)
 G - a wand of teleportation (7/9)
 I - a wand of iceblast (0/15)
Scrolls
 g - 5 scrolls of remove curse
 u - a scroll of blinking
 x - a scroll of amnesia
 B - 2 scrolls of teleportation
 D - a scroll of magic mapping
Potions
 e - a potion of lignification {unknown}
 h - 2 potions of brilliance
 j - 4 potions of curing
 k - a potion of ambrosia
 m - 2 potions of cure mutation {unknown}
 n - 2 potions of magic {unknown}
 s - 2 potions of mutation {unknown}
 t - 3 potions of might
 v - 3 potions of flight
 w - a potion of resistance {unknown}
 y - 4 potions of heal wounds {unknown}
 z - a potion of haste {unknown}
 J - a potion of agility {unknown}
Books
 c - a book of Geomancy

   Spells                             Type                      Level
   a - Sandblast                      Earth                        1
   b - Passwall                       Transmutation/Earth          2
   c - Stone Arrow                    Conjuration/Earth            3
   d - Petrify                        Transmutation/Earth          4
   e - Lee's Rapid Deconstruction     Earth                        5
Comestibles
 d - 7 bread rations
 f - 2 fruits
 o - 3 slices of pizza
 A - 4 meat rations
 K - 6 chunks of flesh


   Skills:
 + Level 8.7 Dodging
 - Level 2.4 Stealth
 - Level 4.2 Shields
 + Level 5.1 Spellcasting
 * Level 5.2 Conjurations
   Level 1.1 Transmutations
 * Level 10.1 Earth Magic


You had 9 spell levels left.
You knew the following spells:

 Your Spells              Type           Power        Failure   Level  Hunger
a - Sandblast             Erth           ######       1%          1    None
b - Stone Arrow           Conj/Erth      ######       1%          3    #......
e - Lee's Rapid Deconstr  Erth           ######....   3%          5    #####..


Dungeon Overview and Level Annotations

Branches:
Dungeon (8/15)             Temple (0/1) D:6            Lair (0/8) D:8

Altars:
Gozag
Kikubaaqudgha
Qazlal
Sif Muna
Xom
The Shining One

Shops:
D:5 !

Annotations:
D:4 Jerry's ghost, amateur DsFi
D:7 exclusion: downstairs
D:8 Joseph


Message History

You now have 10/18 mp.
Unknown command.
Casting: Lee's Rapid Deconstruction
Confirm with . or Enter, or press ? or * to list all spells.
Aiming: Lee's Rapid Deconstruction
Press: ? - help, Dir - move target cursor The wall shatters!
The blast of rock fragments hits Joseph.
Joseph is heavily wounded.
Joseph zaps a wand.
The bolt of acid hits you! The acid corrodes you!
The acid burns!
* * * LOW HITPOINT WARNING * * *
It is a wand of acid.
You take 35 damage, and have 10/45 hp.
MASSIVE DAMAGE!!
You now have 5/18 mp.
Casting: Lee's Rapid Deconstruction
Confirm with . or Enter, or press ? or * to list all spells.
You can't see any susceptible monsters within range! (Use Z to cast anyway.) Joseph zaps a wand.
The bolt of acid hits you!
You die...

#...........oo...... ...
##............Z<.....
......#...... .............
.......#.....# ####..@......
.....o..#.....# ####.........
........#.....##.............
................>##..........
............##...##..........
............@...@#......#####
.....................
.........#............ p.
.........########.##.$ ..
#.######.# ... . ... #.# .##.
K.. ###.# .### #...# ยง......
#...#...........


You could see Joseph and an orc warrior (wandering).

Vanquished Creatures
  Pikel (D:8)
  A soldier ant (D:7)
  2 hell hounds (D:8)
  2 ice beasts
  4 slaves (D:8)
  A necrophage (D:5)
  4 ogres
  4 giant frogs
  A gnoll sergeant (D:6)
  3 scorpions (D:7)
  3 wights
  A crimson imp (D:7)
  2 howler monkeys
  4 hounds
  5 orc priests
  2 jellies
  A centaur skeleton (D:7)
  A giant frog skeleton (D:4)
  6 orc wizards
  Natasha (thrice) (D:4)
  3 iguanas
  7 worker ants
  A hound skeleton (D:8)
  2 worker ant zombies
  10 adders
  9 gnolls
  2 shadow imps (D:6)
  An ooze (D:3)
  An adder skeleton (D:4)
  2 worms (D:2)
  6 dart slugs
  6 giant geckos
  32 orcs
  3 bats
  6 giant cockroaches
  16 goblins
  4 hobgoblins
  5 jackals
  12 kobolds
  3 quokkas
  A giant gecko skeleton (D:7)
  3 giant newts
  A quokka skeleton (D:6)
  A quokka zombie (D:8)
  3 rats
191 creatures vanquished.

Vanquished Creatures (others)
  A water moccasin (D:7)
1 creature vanquished.

Grand Total: 192 creatures vanquished

Notes
Turn   | Place    | Note
--------------------------------------------------------------
     0 | D:1      | Etesian the Deep Elf Earth Elementalist began the quest for the Orb.
     0 | D:1      | Reached XP level 1. HP: 10/10 MP: 6/6
   491 | D:1      | Reached XP level 2. HP: 15/15 MP: 4/8
  1058 | D:1      | Reached skill level 4 in Earth Magic
  1637 | D:2      | Reached XP level 3. HP: 9/19 MP: 5/9
  2082 | D:2      | Learned a level 3 spell: Stone Arrow
  2328 | D:2      | Reached XP level 4. HP: 24/24 MP: 10/10
  2389 | D:2      | Reached skill level 5 in Earth Magic
  3629 | D:3      | Found a deep blue altar of Sif Muna.
  3630 | D:3      | Found a shimmering altar of Xom.
  3634 | D:3      | Became a worshipper of Sif Muna the Loreminder
  3699 | D:3      | Reached XP level 5. HP: 13/28 MP: 3/11
  3752 | D:3      | Reached skill level 6 in Earth Magic
  3879 | D:3      | Learned a level 5 spell: Lee's Rapid Deconstruction
  4113 | D:3      | Found a glowing golden altar of the Shining One.
  4309 | D:4      | Reached XP level 6. HP: 24/32 MP: 12/12
  5037 | D:4      | Noticed Natasha
  5109 | D:4      | Reached skill level 5 in Dodging
  5119 | D:4      | Found an opulent altar of Gozag.
  5146 | D:4      | Killed Natasha
  5146 | D:4      | Reached skill level 7 in Earth Magic
  5611 | D:4      | Noticed Natasha
  5626 | D:4      | Killed Natasha
  5626 | D:4      | Reached * piety under Sif Muna
  5648 | D:4      | Noticed Natasha
  5667 | D:4      | Killed Natasha
  5770 | D:4      | Noticed Jerry's ghost (amateur DsFi)
  5796 | D:5      | Entered Level 5 of the Dungeon
  5886 | D:5      | Reached XP level 7. HP: 36/36 MP: 5/13
  6233 | D:5      | Reached skill level 8 in Earth Magic
  6447 | D:5      | HP: 1/36 [orc wizard/magic dart (7)]
  7154 | D:5      | Found Ylloutuw's Distillery.
  7159 | D:5      | Bought a potion of degeneration for 13 gold pieces
  7305 | D:5      | Reached skill level 1 in Conjurations
  7339 | D:5      | Reached XP level 8. HP: 41/41 MP: 5/15
  7342 | D:5      | Reached skill level 1 in Shields
  8090 | D:6      | Reached ** piety under Sif Muna
  8090 | D:6      | Reached skill level 9 in Earth Magic
  9349 | D:6      | Found a staircase to the Ecumenical Temple.
  9799 | D:7      | Reached XP level 9. HP: 38/45 MP: 10/17
 10932 | D:7      | Found a stormy altar of Qazlal.
 11533 | D:8      | Found an ancient bone altar of Kikubaaqudgha.
 11581 | D:8      | Found a staircase to the Lair.
 11589 | D:8      | Noticed Pikel
 11936 | D:8      | Killed Pikel
 11936 | D:8      | Reached *** piety under Sif Muna
 11936 | D:8      | Reached skill level 5 in Spellcasting
 11936 | D:8      | Reached skill level 5 in Conjurations
 11936 | D:8      | Reached skill level 10 in Earth Magic
 11992 | D:8      | Noticed Joseph
 12012 | D:8      | Killed from afar by Joseph

Skill      XL: |  1  2  3  4  5  6  7  8  9 |
---------------+----------------------------+-----
Earth Magic    | 4 5 6 7 8 9 10 | 10.1
Dodging        | 3 4 5 6 7 8 |  8.7
Conjurations   | 1 3 5 |  5.2
Shields        | 2 4 |  4.2
Spellcasting   | 4 5 |  5.1
Stealth        | |  2.4
Transmutations | |  1.1

Action                   |  1- 3 |  4- 6 |  7- 9 || total
-------------------------+-------+-------+-------++-------
Melee: Whip              |    19 |       |       ||    19
       Unarmed           |     2 |       |       ||     2
       Short sword       |    39 |    62 |       ||   101
       Dagger            |       |    78 |    73 ||   151
       Trident           |       |       |   151 ||   151
Throw: Stone             |     1 |       |       ||     1
 Cast: Sandblast         |    34 |    41 |    29 ||   104
       Stone Arrow       |     5 |    18 |    36 ||    59
       Lee's Rapid Decon |       |     5 |    31 ||    36
Evoke: Wand              |       |       |     3 ||     3
  Use: Scroll            |     3 |     8 |     5 ||    16
       Potion            |       |     1 |     1 ||     2
 Stab: Sleeping          |     3 |     9 |     2 ||    14
       Distracted        |       |     2 |     1 ||     3
  Eat: Chunk             |     4 |    15 |    22 ||    41
       Meat ration       |       |       |     1 ||     1
       Royal jelly       |       |       |     1 ||     1
       Beef jerky        |       |       |     1 ||     1
Armor: Robe              |     6 |    25 |    43 ||    74
Dodge: Dodged            |    70 |   120 |   198 ||   388
Block: Buckler           |       |       |     4 ||     4
